 Dungeon Crawl Stone Soup version 0.31.0-32-g396128a36d (webtiles) character file.

Game seed: 17237819089348579928

206 Alphaeus the Ruffian (level 5, 0/49 HPs)
             Began as a Troll Shapeshifter on Mar 18, 2024.
             Slain by a gnoll
             ... wielding a +0 spear
              (4 damage)
             ... on level 4 of the Dungeon.
             The game lasted 00:02:20 (1953 turns).

Alphaeus the Ruffian (Troll Shapeshifter)           Turns: 1953, Time: 00:02:20

Health: 0/49       AC:  4    Str: 24    XL:     5   Next: 53%
Magic:  4/4        EV:  9    Int:  6    God:
Gold:   218        SH:  0    Dex:  9    Spells: 4/4 levels left

rFire   . .          .
                       - Unarmed
rCold   . . .        (no shield)
rNeg    . . .        a - +0 animal skin
rPois   .            (helmet currently unavailable)
rElec   .            (cloak currently unavailable)
rCorr   .            (gloves unavailable)
SInv    .            (boots unavailable)
Will    .....        (no amulet)
Stlth   +            (no ring)
HPRegen 1.08/turn    (no ring)
MPRegen 0.09/turn

%: no passive effects
@: beast-form
A: beast (slay +2), large, unfitting armour, claws 3, regeneration 1, shaggy fur
1, tough skin 1
a: Begin Untransformation


You were on level 4 of the Dungeon.
You were a hulking beast.
You visited 1 branch of the dungeon, and saw 4 of its levels.

You collected 218 gold pieces.

Inventory:

Armour
 a - a +0 animal skin (worn)
Talismans
 c - a beast talisman
 d - a flux talisman
 o - a serpent talisman
Scrolls
 g - a scroll of blinking {unknown}
 i - 2 scrolls of teleportation {unknown}
 j - a scroll of fog {unknown}
 k - a scroll of revelation {unknown}
 n - a scroll of identify {unknown}
 q - a scroll of enchant armour {unknown}
Potions
 b - a potion of lignification
 e - 2 potions of attraction {unknown}
 f - a potion of haste {unknown}
 h - 2 potions of mutation {unknown}
 l - a potion of curing {unknown}
 m - 2 potions of degeneration {unknown}
 p - a potion of brilliance {unknown}


   Skills:
 + Level 2.0 Fighting
 - Level 1.5 Dodging
 * Level 4.6 Unarmed Combat
 * Level 4.3 Shapeshifting


You had 4 spell levels left.
You didn't know any spells.
Your spell library contained the following spells:

 Spells                   Type           Power      Damage    Failure   Level
 Kiss of Death            Conj/Necr      0%         2d5       45%         1
 Confusing Touch          Hex            0%         N/A       83%         3
 Dispel Undead            Necr           0%         3d6       99%         4


Dungeon Overview and Level Annotations

Branches:
Dungeon (4/15)
 Temple: D:4-7

Altars:
Ru

Shops:
D:2 =


Innate Abilities, Weirdness & Mutations

You are a hulking beast.
Your limbs bulge with bestial killing power. (Slay +2)
You are too large for most types of armour.
You have claws for hands.
Your natural rate of healing is unusually fast.
You are covered in fur. (AC +1)
You have tough skin. (AC +1)


Message History

You are too injured to fight recklessly!
There are monsters nearby!
The quokka bites you. The quokka attacks as it pursues you!
The quokka bites you but does no damage.
The gnoll attacks as it pursues you! The gnoll barely misses you.
The quokka bites you. The quokka attacks as it pursues you!
The quokka bites you but does no damage.
You closely miss the quokka. Your claw misses the quokka. The quokka bites you.
You closely miss the quokka. The quokka closely misses you.
The quokka attacks as it pursues you! The quokka bites you.
You closely miss the quokka.
The quokka bites you but does no damage.
You closely miss the quokka. The quokka bites you.
The gnoll hits you but does no damage.
The quokka bites you but does no damage.
Found a scroll labelled GEREC UTARO.
The gnoll attacks as it pursues you! The gnoll hits you with a +0 whip.
The gnoll attacks as it pursues you! The gnoll hits you with a +0 whip.
You barely miss the gnoll. The gnoll hits you with a +0 whip.
* * * LOW HITPOINT WARNING * * *
You barely miss the gnoll.
The gnoll hits you from afar with a +0 spear.
* * * LOW HITPOINT WARNING * * *
The gnoll hits you with a +0 whip.
* * * LOW HITPOINT WARNING * * *
A gnoll opens the door.
You claw the gnoll!
The gnoll is almost dead.
The gnoll hits you from afar with a +0 spear.
* * * LOW HITPOINT WARNING * * *
The gnoll hits you with a +0 whip.
* * * LOW HITPOINT WARNING * * *
You claw the gnoll!
You kill the gnoll!
The gnoll hits you from afar with a +0 spear.
* * * LOW HITPOINT WARNING * * *
The gnoll barely misses you. The gnoll hits you with a +0 spear.
You die...

#.....#............
.#######<.#............
...............).....f.
###########.#.#...#....
#####.#.#...#.. #
........#.....?
......#r#...#..#
......'gg...#..#
......#h##....>..
......#.# #...... ....
#.# ... .... #.. ..
###. # .# #


You could see 2 gnolls and a quokka.

Vanquished Creatures
  An ogre (D:2)
  An orc wizard (D:3)
  A gnoll (D:4)
  2 adders
  3 ribbon worms
  4 orcs (D:3)
  2 ball pythons
  An endoplasm (D:1)
  4 giant cockroaches
  8 goblins
  7 hobgoblins
  2 jackals (D:3)
  5 kobolds
  A quokka (D:1)
  11 bats
  A frilled lizard (D:1)
  7 rats
61 creatures vanquished.

Notes
Turn   | Place    | Note
-------+----------+-------------------------------------------
     0 | D:1      | Alphaeus the Troll Shapeshifter began the quest for the
                  | Orb.
     0 | D:1      | Reached XP level 1. HP: 18/18 MP: 0/0
    93 | D:1      | Reached skill level 1 in Fighting
    98 | D:1      | Reached XP level 2. HP: 27/27 MP: 1/1
   392 | D:1      | Reached XP level 3. HP: 33/33 MP: 2/2
   914 | D:2      | Noticed an ogre
   920 | D:2      | Killed an ogre
   921 | D:2      | Reached XP level 4. HP: 41/42 MP: 3/3
   951 | D:2      | Found Kuucs's Jewellery Shop.
   958 | D:2      | Reached XP level 5. HP: 49/49 MP: 4/4
  1535 | D:3      | Found a faded altar of an unknown god.
  1690 | D:3      | Found a sacrificial altar of Ru.
  1953 | D:4      | Slain by a gnoll

Illustrated notes

Levels and vault maps discovered:
D:1:      zaba_arrival_water, layout_loops_ring, glass_columns_a
D:2:      layout_basic, serial_shops, nicolae_square_shop, serial_rivers,
          chequers_serial_rivers_small_3, chequers_serial_rivers_small_3,
          chequers_serial_rivers_micro_d, chequers_serial_rivers_small_3,
          grunt_ministairs_15
D:3:      layout_rooms, lemuel_round_altar, ebering_ecumenical_altar_abandoned
D:4:      layout_basic, fedhas_altar_decomposition,
          minmay_temple_entry_overgrown

Skill      XL: |  1  2  3  4  5 |
---------------+----------------+-----
Fighting       | 1 2 |  2.0
Unarmed Combat | 4 |  4.6
Shapeshifting  | 4 |  4.3
Dodging        | |  1.5

Action                     |  1- 3 |  4- 6 || total
---------------------------+-------+-------++-------
  Melee: Unarmed           |    95 |    72 ||   167
         Punch             |     1 |       ||     1
 Armour: Animal skin       |    57 |    86 ||   143
  Dodge: Dodged            |    53 |    42 ||    95
